AoeStats
← BKPK

Arabia

506590696Analyzed
1v1 RM · 18d ago on Sep 14, 2026· 46m 30s· 2 players
Game mode
Random Map
Map size
Tiny (2 player)
Population
200
Speed
Normal
Resources
Standard
Victory
Conquest
Starting age
Dark Age
Ending age
Imperial Age
RankedLock teamsTeams togetherTeam positionsShared explorationLock speedFull tech treeHidden civsTurbo modeCheats
Victory
Defeat
🇹🇼 Ethiopians · Taiwan
965
+14
🇧🇴 Vikings · Bolivia
926
-14
BKPK
9:33 Feudal Age
8:22 Loom
10:49 Double-Bit Axe
16:30 Fletching
18:08 Horse Collar
20:40 Padded Archer Armor
24:19 Castle Age
22:57 Gold Mining
24:24 Crossbowman
25:30 Thumb Ring
26:24 Wheelbarrow
27:15 Bow Saw
27:07 Heavy Plow
28:38 Bodkin Arrow
29:10 Hand Cart
29:44 Gold Shaft Mining
29:42 Stone Mining
32:17 Leather Archer Armor
32:13 Scale Mail Armor
32:54 Stone Shaft Mining
32:55 Forging
34:12 Chain Mail Armor
37:23 Masonry
37:36 Ballistics
37:54 Iron Casting
40:00 Imperial Age
40:36 Royal Heirs
41:57 Chemistry
42:03 Two-Man Saw
41:41 Plate Mail Armor
43:03 Blast Furnace
45:44 Siege Engineers
45:45 Bracer
Daniel
2:46 Loom
12:32 Feudal Age
14:52 Double-Bit Axe
17:15 Castle Age
18:40 Man-at-Arms
20:23 Long Swordsman
21:56 Squires
22:33 Scale Mail Armor
22:56 Gambesons
26:19 Chain Mail Armor
28:31 Horse Collar
29:41 Heavy Plow
29:55 Bow Saw
29:39 Gold Mining
Connection lost

Rejoining the realm…

Still unreachable

The connection could not be restored.

Session expired

The server has moved on; the page needs a fresh start.